 Dungeon Crawl Stone Soup version 0.22-a0-351-g29664b4 (webtiles) character file.

45 Kairos the Conjurer (level 3, -1/21 HPs)
             Began as an Octopode Conjurer on Apr 12, 2018.
             Slain by an adder (4 damage)
             ... on level 2 of the Dungeon.
             The game lasted 00:02:21 (901 turns).

Kairos the Conjurer (Octopode Conjurer)              Turns: 901, Time: 00:02:21

Health: -1/21      AC:  1    Str:  8    XL:     3   Next: 64%
Magic:  4/6        EV: 13    Int: 17    God:
Gold:   58         SH:  0    Dex: 12    Spells: 5/6 levels left

rFire    . . .     SeeInvis .   (no weapon)
rCold    . . .     Gourm    .   (no shield)
rNeg     . . .     Faith    .   (helmet restricted)
rPois    .         Spirit   .   (no amulet)
rElec    .         Reflect  .   (no ring)
rCorr    .         Harm     .   (no ring)
MR       .....                  (no ring)
Stlth    +++.......             (no ring)
HPRegen  0.07/turn              (no ring)
MPRegen  0.10/turn              (no ring)
                                (no ring)
                                (no ring)

@: no status effects
A: almost no armour, stealthy swim, amphibious, 8 rings, constrict 8, camouflage
1, gelatinous body 1
a: no special abilities


You were on level 2 of the Dungeon.
You were hungry.

You visited 1 branch of the dungeon, and saw 2 of its levels.

You collected 58 gold pieces.

Inventory:

Hand Weapons
 h - a +0 hunting sling
Missiles
 g - 5 needles of sleeping
Scrolls
 c - a scroll of enchant armour {unknown}
 e - 3 scrolls of identify {unknown}
 f - a scroll of noise {unknown}
Potions
 a - a potion of curing {unknown}
 d - a potion of berserk rage {unknown}
 i - a potion of lignification {unknown}
Comestibles
 b - 2 rations


   Skills:
 + Level 2.2 Dodging
 + Level 2.9 Stealth
 + Level 0.1 Unarmed Combat
 + Level 2.3 Spellcasting
 + Level 4.8 Conjurations


You had 5 spell levels left.
You knew the following spells:

 Your Spells              Type           Power        Failure   Level  Hunger
a - Magic Dart            Conj           ###.         2%          1    #......


Dungeon Overview and Level Annotations

Branches:
Dungeon (2/15)

Altars:


Innate Abilities, Weirdness & Mutations

You cannot wear most types of armour.
You are very stealthy in the water. (Stealth+)
You are amphibious.
You can wear up to eight rings at the same time.
You can use your tentacles to constrict eight enemies at once.
Your skin changes colour to match your surroundings (Stealth+).
Your rubbery body absorbs attacks. (AC +1, EV +1)


Message History

Unknown command.
You are too injured to fight recklessly!
You are too injured to fight recklessly!
You closely miss the bat. Your grab misses the bat. The bat closely misses you.
The bat misses you. The adder misses you.
You miss the adder. Your grab misses the adder. You squeeze the adder.
The adder is heavily wounded.
The adder misses you. The bat misses you. The adder bites you.
* * * LOW HITPOINT WARNING * * *
The goblin closely misses you.
You barely miss the adder. Your grab misses the adder. You squeeze the adder.
The adder is almost dead.
The bat hits you.
* * * LOW HITPOINT WARNING * * *
The bat closely misses you. The adder barely misses you.
The goblin closely misses you.
You barely miss the adder. Your grab misses the adder.
The adder is almost dead.
The bat misses you. The adder bites you.
You die...

#.# # #.# ##### .# #.#
####...##.# #######
####.## #........(#
....... #.....#
#.........# .####
####.....###..†......#
.#
.........(.....).....#
.# #..g..............#
.########
#..@b...##.......##
..(......
###S.....##.....##
.########
..<.#....###....# .#
#.#######.#)###....####
## ##.##
#.#.....#...... ##...##
#.#####....####
#.....### #$# ##.#.#
#........ #.#.# #.....#
#.#.#


You could see an adder, a goblin and a bat.

Vanquished Creatures
  An adder (D:2)
  An ooze (D:1)
  A ball python (D:1)
  5 bats
  A goblin (D:1)
  6 hobgoblins
  5 jackals
  4 kobolds
  A quokka (D:2)
  2 frilled lizards (D:1)
  A rat (D:1)
28 creatures vanquished.

Notes
Turn   | Place    | Note
-------+----------+-------------------------------------------
     0 | D:1      | Kairos the Octopode Conjurer began the quest for the Orb.
     0 | D:1      | Reached XP level 1. HP: 11/11 MP: 3/3
    93 | D:1      | Reached XP level 2. HP: 7/17 MP: 1/5
   555 | D:1      | Reached XP level 3. HP: 21/21 MP: 3/6
   901 | D:2      | Slain by an adder

Vault maps used:
D:1:      elethiomel_arrival_maze
D:2:      minmay_liquid_box

Action                   || total
-------------------------++-------
Melee: Unarmed           ||    37
       Constrict         ||     8
       Tentacles         ||     6
 Cast: Magic Dart        ||    44
Armor: Skin              ||     3
Dodge: Dodged            ||    34

Table legend:
 A = Spawn XP
 B = Non-spawn XP
 C = Spawn XP percentage of total XP
 D = Spawn monster count
 E = Non-spawn monster count
 F = Spawn count percentage of total count
 G = Total turns spent on level
                    A         B        C        D         E        F      G
               +---------+---------+-------+---------+---------+-------+---------
         Total |       0 |      65 |   0.0 |       0 |      28 |   0.0 |   901
               +---------+---------+-------+---------+---------+-------+---------
           D:1 |       0 |      39 |   0.0 |       0 |      20 |   0.0 |   712
           D:2 |       0 |      26 |   0.0 |       0 |       8 |   0.0 |   189
               +---------+---------+-------+---------+---------+-------+---------
